AoeStats
← Abetterhandle

Nomad

507021148Analyzed
3v3 RM · 16d ago on Sep 16, 2026· 46m 47s· 6 players
Game mode
Random Map
Map size
210×210
Population
200
Speed
Normal
Resources
Standard
Victory
Conquest
Starting age
Dark Age
Ending age
Imperial Age
RankedLock teamsTeams togetherTeam positionsShared explorationLock speedFull tech treeHidden civsTurbo modeCheats
Victory
Defeat
🇹🇼 Spanish · Taiwan
1081
+13
🇹🇷 Hindustanis · Türkiye
1013
+16
🇲🇰 Britons · North Macedonia
917
+20
🇨🇳 Vikings · China
1037
-50
🇳🇿 Koreans · New Zealand
1008
-16
🇨🇳 Italians · China
997
-16
Abetterhandle
4:43 Loom
14:20 Feudal Age
15:57 Double-Bit Axe
20:02 Castle Age
18:11 Stone Mining
18:44 Fletching
19:44 Gold Mining
34:55 Horse Collar
39:32 Elite Skirmisher
40:39 Bow Saw
44:54 Imperial Age
42:30 Bodkin Arrow
44:49 Town Watch
47:52 Imperial Age
45:09 Town Watch
46:49 Ballistics
46:49 Thumb Ring
2026
3:53 Loom
12:43 Feudal Age
13:50 Town Watch
17:15 Castle Age
19:48 Wheelbarrow
26:40 Imperial Age
26:02 Fletching
28:54 Bodkin Arrow
29:36 Bracer
32:38 Chemistry
33:28 Murder Holes
35:55 Ballistics
35:25 Double-Bit Axe
36:20 Treadmill Crane
37:15 Bow Saw
42:10 Hand Cart
Homelander
OuO
10:04 Loom
15:38 Feudal Age
18:20 Wheelbarrow
18:27 Bloodlines
19:02 Forging
19:36 Scale Barding Armor
21:04 Fishing Lines
25:58 Castle Age
25:06 Stone Mining
25:07 Gold Mining
26:40 Double-Bit Axe
27:35 Husbandry
29:05 Iron Casting
28:51 Chain Barding Armor
35:24 Fletching
41:47 Imperial Age
39:38 Hand Cart
41:09 Ballistics
41:48 Elite Conquistador
42:50 Conscription
43:03 Conscription
42:55 Cavalier
45:38 Chemistry
45:42 Blast Furnace
44:41 Bodkin Arrow
44:46 Padded Archer Armor
Bel1cev
10:27 Loom
17:46 Feudal Age
24:44 Castle Age
23:15 Double-Bit Axe
24:38 Stone Mining
24:38 Gold Mining
32:00 Imperial Age
30:45 Fletching
31:46 Padded Archer Armor
33:03 Ballistics
33:50 Bodkin Arrow
36:14 Bracer
37:01 Leather Archer Armor
41:15 Ring Archer Armor
44:43 Elite Longbowman
Kanuni_ibrahim_dede
6:13 Loom
17:44 Feudal Age
24:29 Castle Age
Connection lost

Rejoining the realm…

Still unreachable

The connection could not be restored.

Session expired

The server has moved on; the page needs a fresh start.